 Dungeon Crawl Stone Soup version 0.27-a0-103-g6cd7b45605 (webtiles) character file.

Game seed: 411289327643653569

727 rageheart7 the Skirmisher (level 7, 0/65 (66) HPs)
             Began as a Purple Draconian Gladiator on Jan 24, 2021.
             Slain by a wraith (11 damage)
             ... in an ossuary.
             The game lasted 00:12:51 (4114 turns).

rageheart7 the Skirmisher (DrGl)                    Turns: 4114, Time: 00:12:51

HP:   0/65 (66)     AC:  7    Str: 16    XL:     7   Next: 44%
MP:   8/8           EV: 14    Int: 10    God:
Gold: 222           SH:  0    Dex: 13    Spells: 8/8 levels left

rFire    . . .     SeeInvis .   a - +1 quarterstaff
rCold    . . .     Faith    .   (shield currently unavailable)
rNeg     . . .     Spirit   .   (armour unavailable)
rPois    .         Reflect  .   d - +0 hat
rElec    .         Harm     .   (no cloak)
rCorr    .         Rampage  .   q - +0 pair of gloves
Will     +....                  (no boots)
Stlth    ++........             (no amulet)
HPRegen  0.20/turn              m - ring of stealth
MPRegen  0.11/turn              (no ring)

@: slowed, lightly drained, very slow
A: breathe power, unfitting armour, cold-blooded, AC +6
a: Breathe Dispelling Energy


You were in an ossuary.
You visited 1 branch of the dungeon, and saw 5 of its levels.
You also visited: Ossuary.

You collected 222 gold pieces.

Inventory:

Hand Weapons
 a - a +1 quarterstaff (weapon)
 b - a +0 hunting sling
 f - a +2 dagger of freezing
Missiles
 c - 3 throwing nets (quivered)
 i - 28 poisoned darts
 n - 40 sling bullets
 o - 174 stones
 x - 2 boomerangs
Armour
 d - a +0 hat (worn)
 q - a +0 pair of gloves (worn)
Jewellery
 m - a ring of stealth (left hand)
Wands
 p - a wand of polymorph (8)
 u - a wand of flame (25)
 w - a wand of digging (8)
Scrolls
 g - 4 scrolls of identify
 j - a scroll of remove curse
 k - a scroll of immolation
 r - a scroll of enchant weapon
 s - a scroll of fear
Potions
 e - 2 potions of brilliance
 h - 2 potions of curing {unknown}
 l - 2 potions of flight {unknown}
 t - a potion of berserk rage {unknown}
 v - a potion of might {unknown}
 z - a potion of lignification {unknown}
 A - a potion of ambrosia


   Skills:
 * Level 7.4 Fighting
 - Level 3.0 Staves
 - Level 1.7 Throwing
 - Level 5.1 Dodging
 * Level 1.0 Spellcasting
 * Level 1.1 Evocations


You had 8 spell levels left.
You didn't know any spells.
Your spell library was empty.

Dungeon Overview and Level Annotations

Branches:
Dungeon (5/15)            Ossuary (1/1)
 Temple: D:4-7

Altars:
Cheibriados
Gozag
Xom

Shops:
D:4 !(


Innate Abilities, Weirdness & Mutations

You can breathe bolts of dispelling energy.
Your rich purple scales are hard. (AC +6)
You cannot fit into any form of body armour.
You are cold-blooded and may be slowed by cold attacks.


Message History

You hit the wraith but do no damage.
The wraith is severely damaged.
The wraith hits you!
* * * LOW HITPOINT WARNING * * *
The wraith drains your vigour!
You feel as though you will be slow longer.
The wraith closely misses you. x2
You feel less invigorated.
You feel less confused. The wraith misses you.
You thump the wraith!
Your tail-slap misses the wraith.
The wraith is almost destroyed.
The wraith hits you! x2
* * * LOW HITPOINT WARNING * * *
The wraith drains your vigour!
You feel as though you will be slow longer.
You hit the wraith but do no damage.
The wraith is almost destroyed.
The wraith closely misses you. The wraith hits you!
You die...

#.# #'# #.#
###.### #z▓.▓W#
###.### #.#
#######'#######
#..@..........#
#.W##.###.##+.#
#.#.#.#z#.# #.
##.### # #. ...
#. ... #. ##.??
#. #.?? #.
#.?!!


You could see a wraith and a flying skull.

Vanquished Creatures
  Grinder (D:3)
  2 phantoms
  A scorpion (D:4)
  A wight (Ossuary)
  A hound (D:4)
  2 worker ants
  Robin (D:4)
  4 adders
  A white imp (D:5)
  An ooze (D:1)
  4 worms
  4 dart slugs
  6 leopard geckos
  6 orcs
  A ball python (D:4)
  5 bats
  7 giant cockroaches
  16 goblins
  5 hobgoblins
  6 jackals
  2 quokkas
  6 frilled lizards
  A hobgoblin skeleton (Ossuary)
  2 hobgoblin zombies (Ossuary)
  9 kobolds
  3 orc skeletons (Ossuary)
  An orc zombie (Ossuary)
  A quokka skeleton (D:4)
  7 rats
107 creatures vanquished.

Notes
Turn   | Place    | Note
-------+----------+-------------------------------------------
     0 | D:1      | rageheart7 the Draconian Gladiator began the quest for the
                  | Orb.
     0 | D:1      | Reached XP level 1. HP: 17/17 MP: 1/1
    67 | D:1      | Reached XP level 2. HP: 21/25 MP: 2/2
   430 | D:1      | Reached skill level 3 in Fighting
   543 | D:1      | Reached XP level 3. HP: 31/31 MP: 3/3
   940 | D:2      | Reached XP level 4. HP: 21/40 MP: 4/4
  1434 | D:2      | Reached skill level 4 in Fighting
  1831 | D:3      | Found an opulent altar of Gozag.
  1831 | D:3      | Noticed Grinder
  1877 | D:3      | Killed Grinder
  1878 | D:3      | Reached skill level 5 in Fighting
  1878 | D:3      | Reached XP level 5. HP: 24/49 MP: 5/5
  1878 | D:3      | Reached XP level 6. HP: 28/56 MP: 6/6
  2185 | D:3      | Found a shimmering altar of Xom.
  2185 | D:3      | Found a shimmering altar of Xom.
  2190 | D:3      | Found a shimmering altar of Xom.
  2190 | D:3      | Found a shimmering altar of Xom.
  2374 | D:3      | Reached skill level 6 in Fighting
  2719 | D:4      | Reached skill level 5 in Dodging
  2719 | D:4      | Your scales start taking on a rich purple colour.
  2719 | D:4      | Reached XP level 7. HP: 19/64 MP: 7/7
  3149 | D:4      | Found Salot's Antique Weapon Emporium.
  3205 | D:4      | Noticed Robin
  3237 | D:4      | Killed Robin
  3384 | D:4      | Reached skill level 7 in Fighting
  3425 | D:4      | Reached skill level 1 in Evocations
  3709 | D:4      | Found a snail-covered altar of Cheibriados.
  3774 | D:4      | Found Tifuph's Distillery.
  3856 | D:5      | Entered Level 5 of the Dungeon
  3971 | D:5      | Found a sand-covered staircase.
  3981 | Ossuary  | Entered an ossuary
  4057 | Ossuary  | Reached skill level 1 in Spellcasting
  4080 | Ossuary  | Noticed a flying skull
  4080 | Ossuary  | Noticed a wraith
  4088 | Ossuary  | Noticed a flying skull
  4092 | Ossuary  | Noticed a wraith
  4114 | Ossuary  | Slain by a wraith

Illustrated notes

Levels and vault maps discovered:
D:1:      shiori_arrival_oz, layout_basic
D:2:      minmay_evil_eye, layout_basic
D:3:      layout_basic, grunt_gozag_statues, xom_redecorated, uniq_grinder
D:4:      layout_rooms, serial_shops, kennysheep_little_box, nicolae_shop_trees,
          cheibriados_altar_1, uniq_robin
D:5:      layout_basic, minmay_temple_entry_sparse_star, enter_ossuary_3,
          gammafunk_ghost_grave, minmay_fire_ice_demons, uniq_duvessa
Ossuary:  ossuary_due_cavern

Skill      XL: |  1  2  3  4  5  6  7 |
---------------+----------------------+-----
Dodging        | 3 4 5 |  5.1
Fighting       | 3 5 6 7 |  7.4
Evocations     | 1 |  1.1
Spellcasting   | 1 |  1.0
Staves         | |  3.0
Throwing       | |  1.7

Action                   |  1- 3 |  4- 6 |  7- 9 || total
-------------------------+-------+-------+-------++-------
Melee: Quarterstaff      |    61 |       |    89 ||   150
       Tailslap          |     6 |    21 |    10 ||    37
       Dagger            |    28 |   202 |       ||   230
 Fire: Hunting sling     |       |       |    44 ||    44
 Abil: Breathe Dispellin |       |       |     1 ||     1
  Use: Scroll            |     8 |     5 |     1 ||    14
       Potion            |       |     3 |     1 ||     4
 Stab: Sleeping          |     1 |       |     2 ||     3
Armor: Skin              |    22 |    36 |    18 ||    76
Dodge: Dodged            |    59 |   118 |    68 ||   245

Table legend: (Time is in decaauts)
 A = Elapsed time spent in this place.
 B = Non-inter-level travel time spent in this place.
 C = Inter-level travel time spent in this place.
 D = Time resting spent in this place.
 E = Time spent auto-exploring this place.
 F = Levels seen in this place.
 G = Mean time per level.
                   A        B        C        D        E       F      G
               +--------+--------+--------+--------+--------+-----+--------+
         Total |   4124 |   4045 |     79 |    764 |   2220 |   6 |  687.3 |
       Dungeon |   3975 |   3896 |     79 |    764 |   2188 |   5 |  795.0 |
       Ossuary |    149 |    149 |      0 |      0 |     32 |   1 |  149.0 |
               +--------+--------+--------+--------+--------+-----+--------+

Top non-repeatable levels by time:
     D:4: 1252 daAuts
     D:2: 1081 daAuts
     D:3: 801 daAuts
     D:1: 713 daAuts
 Ossuary: 149 daAuts
     D:5: 125 daAuts
